 Dungeon Crawl Stone Soup version 0.25-a0-681-gdf4e720381 (webtiles) character file.

Game seed: 14705790783043177028, levelgen mode: deterministic

24093 CryoSword the Slicer (level 12, -14/77 HPs)
             Began as a Vampire Enchanter on Mar 30, 2020.
             Was a High Priest of Dithmenos.
             Demolished by a seven-headed hydra (18 damage)
             ... on level 4 of the Lair of Beasts.
             The game lasted 01:03:47 (16733 turns).

CryoSword the Slicer (Vampire Enchanter)           Turns: 16733, Time: 01:03:48

Health: -14/77     AC:  0    Str:  8 (10) XL:     12   Next: 77%
Magic:  26/28      EV: 27    Int: 17 (19) God:    Dithmenos [*****.]
Gold:   1217       SH:  0    Dex: 18 (20) Spells: 12/21 levels left

rFire    . . .     SeeInvis +   (weapon currently unavailable)
rCold    + + .     Gourm    .   (shield currently unavailable)
rNeg     + + +     Faith    .   (armour currently unavailable)
rPois    ∞         Spirit   .   (helmet currently unavailable)
rElec    .         Reflect  .   (cloak currently unavailable)
rCorr    .         Harm     .   (gloves currently unavailable)
MR       +....                  (boots currently unavailable)
Stlth    ++++++++++             Q - amulet of Wishful Thinking {+Rage MP+9}
HPRegen  0.00/turn              (ring currently unavailable)
MPRegen  0.21/turn              (ring currently unavailable)

@: confusing touch, bat-form, flying, bloodless, wreathed by umbra, very quick
A: tiny, no food, fangs 3, see invisible
a: Revivify, End Transformation, Shadow Step, Shadow Form, Renounce Religion,
Evoke Berserk Rage


You were on level 4 of the Lair of Beasts.
You worshipped Dithmenos.
Dithmenos was extremely pleased with you.
You were bloodless.
You were in vampire-bat-form.
You visited 3 branches of the dungeon, and saw 16 of its levels.
You also visited: Ice Cave.

You collected 1556 gold pieces.
You spent 339 gold pieces at shops.

Inventory:

Hand Weapons
 a - a +3 dagger
   (You took it off an orc wizard on level 5 of the Dungeon)
 b - a +0 rapier
   (You took it off Duvessa on level 4 of the Dungeon)
 p - a +4 dagger of chaos (melded)
   (You took it off Psyche on level 8 of the Dungeon)
 V - a +1 dagger of venom
   (You took it off Sonja on level 2 of the Lair of Beasts)
Missiles
 c - a throwing net
 g - 15 javelins
 l - 30 poisoned darts (quivered)
 U - 9 curare-tipped darts
Armour
 e - a +1 pair of gloves of dexterity (melded)
   (You bought it in a shop on level 5 of the Dungeon)
 h - a scarf of resistance (melded)
   (You found it on level 2 of the Dungeon)
 m - a +1 helmet (melded)
   (You found it on level 5 of the Dungeon)
 n - a +2 pair of boots (melded)
   (You bought it in a shop on level 5 of the Dungeon)
 q - a +3 ring mail of magic resistance
   (You took it off Duvessa on level 4 of the Dungeon)
 x - a +2 ring mail of fire resistance
   (You found it on level 4 of the Dungeon)
 G - a +2 robe of the Archmagi (melded)
   (You took it off Psyche on level 8 of the Dungeon)
Jewellery
 f - a ring of magical power (melded)
   (You took it off a goblin on level 1 of the Dungeon)
 L - an uncursed amulet of magic regeneration
   (You found it on level 10 of the Dungeon)
 O - an uncursed amulet of the acrobat {unknown}
   (You found it on level 2 of the Lair of Beasts)
 P - an uncursed amulet of guardian spirit {unknown}
   (You found it on level 2 of the Lair of Beasts)
 Q - the amulet of Wishful Thinking (around neck) {+Rage MP+9}
   (You found it in an ice cave)

   [amulet of rage]

   It affects your magic capacity (+9).
   It lets you go berserk.
 R - the amulet "Usaph" {Inacc SInv, unknown}
   (You found it in an ice cave)

   [amulet of inaccuracy]

   It reduces the accuracy of all your attacks.
   It lets you see invisible.
 S - a ring of protection from magic (melded)
   (You found it in an ice cave)
Wands
 d - a wand of enslavement (13)
   (You took it off Joseph on level 1 of the Lair of Beasts)
 t - a wand of digging (12)
   (You took it off Grinder on level 4 of the Dungeon)
 z - a wand of paralysis (10)
   (You found it on level 5 of the Dungeon)
 D - a wand of scattershot (2)
   (You found it on level 6 of the Dungeon)
 F - a wand of clouds (2)
   (You took it off an orc wizard on level 8 of the Dungeon)
 I - a wand of acid (15)
   (You found it on level 11 of the Dungeon)
 T - a wand of iceblast (7)
   (You found it on level 2 of the Lair of Beasts)
Scrolls
 i - 4 scrolls of teleportation {@r4}
 k - 4 scrolls of fear
 v - a scroll of blinking
 w - a scroll of magic mapping
 y - a scroll of enchant armour
 A - 6 scrolls of remove curse {@r2}
 B - a scroll of enchant weapon
 C - 4 scrolls of amnesia
 J - 2 scrolls of immolation {!r}
 M - a scroll of vulnerability {unknown}
 N - 2 scrolls of identify {@r1}
 W - a scroll of brand weapon {unknown}
 X - a scroll of random uselessness {unknown}
Potions
 j - 2 potions of stabbing
 o - 3 potions of haste {@q3}
 r - a potion of invisibility
 s - 4 potions of curing {@q1}
 u - 2 potions of flight
 E - 2 potions of heal wounds {@q2}
 H - 2 potions of mutation {unknown}
 K - 2 potions of ambrosia {unknown}
 Y - a potion of brilliance {unknown}
 Z - a potion of might


   Skills:
 * Level 9.9 Fighting
 * Level 12.3 Short Blades
 + Level 4.2 Armour
 + Level 7.7 Dodging
 + Level 12.3 Stealth
 - Level 5.0 Spellcasting
 - Level 9.6 Hexes
 + Level 3.4 Ice Magic
 + Level 4.4 Invocations


You had 12 spell levels left.
You knew the following spells:

 Your Spells              Type           Power        Failure   Level  Hunger
a - Corona                Hex            #####..      1%          1    N/A
b - Ensorcelled Hibernat  Hex/Ice        ####..       1%          2    N/A
c - Confusing Touch       Hex            #####...     1%          3    N/A
d - Tukima's Dance        Hex            #####...     1%          3    N/A

Your spell library contained the following spells:

 Spells                   Type           Power        Failure   Level  Hunger
 Dazzling Flash           Conj/Hex       ###...       6%          3    N/A
 Shock                    Conj/Air       #...         14%         1    N/A
 Swiftness                Chrm/Air       #.......     22%         2    N/A
 Static Discharge         Conj/Air       #.......     38%         3    N/A
 Airstrike                Air            #.........   80%         4    N/A
 Bolt of Magma            Conj/Fire/Erth #.........   98%         5    N/A
 Iskenderun's Battlesphe  Conj/Chrm      #.......     98%         5    N/A
 Lightning Bolt           Conj/Air       #.........   98%         5    N/A
 Iron Shot                Conj/Erth      #.........   100%        6    N/A
 Orb of Destruction       Conj           #.........   100%        7    N/A
 Spellforged Servitor     Conj/Summ      #.........   100%        7    N/A

Dungeon Overview and Level Annotations

Branches:
Dungeon (11/15)            Temple (1/1) D:4            Lair (4/6) D:10
  Swamp (0/4) Lair:4        IceCv (visited)
  Snake: Lair:2-4    Spider: Lair:2-4       Orc: D:9-12

Altars:
Ashenzari
Cheibriados
Dithmenos
Elyvilon
Fedhas
Gozag
Hepliaklqana
Kikubaaqudgha
Makhleb
Nemelex Xobeh
Okawaru
Qazlal
Ru
Sif Muna
Uskayaw
Vehumet
Wu Jian
Xom
Yredelemnul
Zin
The Shining One

Shops:
D:4 :   D:5 *

Annotations:
D:11 exclusions: 2 cyclopes, manticore and vampire mosquito
Lair:2 exclusion: 4 oklob plants


Innate Abilities, Weirdness & Mutations

You do not eat.
You do not regenerate when monsters are visible.
You are frail without blood (-20% HP).
You can heal yourself when you bite living creatures.
You are immune to poison.
You have razor-sharp teeth.
You have supernaturally acute eyesight. (SInv)
((You can survive without breathing.))


Message History

You throw a poisoned dart. The poisoned dart hits the yak.
The yak is poisoned.
The yak bellows! x4
Aim: a yak (lightly wounded, poisoned, umbra, chance to defeat MR: 69%)
You feel a surge of power!
The yak looks drowsy...
The helpless yak fails to defend itself.
You bite the yak, and draw its blood! You spit the yak like a pig!!!!
You burn the yak!
You kill the yak!
Dithmenos accepts your kill.
Aim: a yak (umbra, chance to defeat MR: 69%)
You feel a surge of power!
The yak struggles to resist.
The yak gores you but does no damage. The yak gores you!
Aim: a yak (umbra, chance to defeat MR: 69%)
You feel a surge of power!
The yak looks drowsy...
The yak gores you.
The helpless yak fails to defend itself.
You bite the yak, and draw its blood!
You feel better.
You stick the yak like a pincushion!!!!
The floor and the ceiling briefly switch places.
You kill the yak!
Dithmenos accepts your kill. The yak misses you.
Aim: a yak (umbra, chance to defeat MR: 69%)
You feel a surge of power!
The yak struggles to resist.
The yak gores you!
You barely miss the yak. Your bite misses the yak.
Aim: a yak (umbra, chance to defeat MR: 69%)
You feel a surge of power!
The yak looks drowsy...
The helpless yak fails to defend itself.
You bite the yak, and draw its blood!
You feel better.
You spit the yak like a pig!!!!
You kill the yak!
Dithmenos accepts your kill.
Aim: a yak (umbra, chance to defeat MR: 69%)
You feel a surge of power!
The yak struggles to resist.
The yak completely misses you.
You hit the yak.
You feel better.
Aim: a yak (severely wounded, umbra, chance to defeat MR: 69%)
You feel a surge of power!
The yak looks drowsy...
The yak gores you but does no damage.
The helpless yak fails to defend itself.
You bite the yak, and draw its blood!
You feel better.
You spit the yak like a pig!!!! You burn the yak.
You kill the yak!
Dithmenos accepts your kill. The yak gores you!
Aim: a yak (lightly wounded, umbra, chance to defeat MR: 69%)
You feel a surge of power!
The yak looks drowsy...
The helpless yak fails to defend itself.
You bite the yak, and draw its blood!
You feel better.
You spit the yak like a pig!!!!
Wisps of poison gas drift from your dagger of chaos.
You kill the yak!
Dithmenos accepts your kill.
Things that are here:
a yak corpse x3
You start resting.
You start resting.
l - 30 poisoned darts (gained 1)
You now have 1179 gold pieces (gained 6).
Found a stone staircase leading up.
You now have 1194 gold pieces (gained 15).
u - 2 potions of flight (gained 1)
Found a chain mail.
Found a stone staircase leading up.
There is a stone staircase leading up here.
There is a stone staircase leading down here.
Y - a sedimented blue potion A porcupine and a crocodile come into view.
There are monsters nearby!
There are monsters nearby!
Okay, then.
You are struck by the porcupine's spines.
You completely miss the porcupine.
You bite the porcupine, but do no damage.
The porcupine misses you.
Aim: a porcupine (umbra, chance to defeat MR: 69%)
You feel a surge of power!
The porcupine struggles to resist.
Your shadow mimicks your spell!
The porcupine looks drowsy...
The helpless porcupine fails to defend itself.
You bite the porcupine, and draw its blood!
You feel better.
You skewer the porcupine like a kebab!!!!
You kill the porcupine!
Dithmenos accepts your kill.
You see here a porcupine corpse.
The helpless crocodile fails to defend itself.
You bite the crocodile, and draw its blood!
You stick the crocodile like a pincushion!!!!
You burn the crocodile.
You kill the crocodile!
Dithmenos accepts your kill.
You see here a crocodile corpse.
Found a robe.
You now have 1203 gold pieces (gained 9).
You now have 1217 gold pieces (gained 14).
You see here a short sword.
Found a stone staircase leading up.
Z - a potion of might A seven-headed hydra comes into view.
A seven-headed hydra is nearby!
A seven-headed hydra is nearby!
A seven-headed hydra is nearby!
Throwing (i - inventory. (/) - cycle)
l - 30 poisoned darts (quivered)
Aim: a seven-headed hydra (resting, umbra)
Okay, then.
A water moccasin comes into view.
The water moccasin hisses angrily.
The seven-headed hydra roars!
Aim: a seven-headed hydra (umbra, chance to defeat MR: 34%)
You feel a surge of power!
The seven-headed hydra easily resists.
Your shadow mimicks your spell!
The seven-headed hydra resists with almost no effort.
The seven-headed hydra barely misses you.
The seven-headed hydra bites you! The seven-headed hydra bites you.
The seven-headed hydra misses you. The seven-headed hydra bites you.
The seven-headed hydra bites you but does no damage.
The seven-headed hydra bites you!
You feel a surge of power!
Your hands begin to glow red.
The seven-headed hydra bites you but does no damage. x2
The seven-headed hydra closely misses you.
The seven-headed hydra bites you!
* * * LOW HITPOINT WARNING * * *
The seven-headed hydra bites you.
* * * LOW HITPOINT WARNING * * *
The seven-headed hydra bites you!
* * * LOW HITPOINT WARNING * * *
The seven-headed hydra misses you.
You hit the seven-headed hydra but do no damage.
The water moccasin completely misses something.
You turn into a vampire bat.
Your +4 dagger of chaos melds into your body.
Your scarf of resistance melds into your body.
Your +1 helmet melds into your body.
Your +1 pair of gloves of dexterity melds into your body.
Your +2 pair of boots melds into your body.
Your +2 robe of the Archmagi melds into your body.
Your ring of protection from magic melds into your body.
Your ring of magical power melds into your body.
You feel hot and cold all over.
You feel clumsy.
You feel strangely numb.
You feel your magic capacity decrease.
You feel weakened.
You feel dopey.
You feel clumsy. The seven-headed hydra bites you.
* * * LOW HITPOINT WARNING * * *
The seven-headed hydra misses you. The seven-headed hydra bites you!
* * * LOW HITPOINT WARNING * * *
The seven-headed hydra completely misses you.
The seven-headed hydra misses you. The seven-headed hydra bites you!!
You die...

##................##
#..................
#..................
##..................
##...................
#.#................P#
###..#####.##.....###
#...# ###..#.... #
♣..b##........... #
♣♣♣♣D≈...... .. #
♣PPPS≈≈≈≈≈.. #
♣≈≈≈≈≈P≈P≈≈≈.. #
♣≈≈≈≈≈≈P≈≈≈... #
♣≈≈≈≈≈≈P≈P≈P≈..
P≈≈≈≈≈≈≈≈P≈P≈..
≈≈≈≈≈≈≈≈≈P≈P...
≈P≈≈≈≈≈≈P≈P....


You could see a seven-headed hydra and a water moccasin.

Vanquished Creatures
  Snorg (D:10)
  2 ice dragons (IceCv)
  A two-headed ogre (D:8)
  A queen ant (Lair:2)
  Sonja (Lair:2)
  Maurice (D:10)
  Joseph (Lair:1)
  Psyche (D:8)
  A gargoyle (D:8)
  Maggie (D:10)
  2 ice statues (IceCv)
  4 spiny frogs
  4 rime drakes
  2 komodo dragons (Lair:2)
  A jumping spider (Lair:2)
  Prince Ribbit (D:6)
  Grinder (D:4)
  A bog body (Lair:4)
  6 blink frogs
  2 hippogriffs (Lair:2)
  31 yaks
  A naga (D:10)
  Duvessa (D:4)
  Edmund (D:4)
  5 soldier ants (Lair:2)
  10 porcupines
  4 water moccasins
  3 sky beasts
  3 orc warriors
  20 ice beasts
  4 ogres
  3 phantoms
  5 centaurs
  5 crocodiles
  A big kobold (D:10)
  11 bullfrogs
  Dowan (D:4)
  5 scorpions
  A wyvern skeleton (D:10)
  3 crimson imps
  2 quasits
  4 bullfrog skeletons
  A hound (D:8)
  A jelly (D:10)
  3 orc priests
  4 iguanas
  Natasha (thrice) (D:3 D:2)
  8 orc wizards
  16 worker ants
  12 adders
  12 white imps (Lair:1)
  An adder zombie (D:7)
  An ooze (D:2)
  2 adder skeletons (D:8)
  2 worms
  4 dart slugs
  5 leopard geckos
  33 orcs
  A ball python (D:3)
  6 giant cockroaches
  5 goblins
  11 hobgoblins
  6 jackals
  11 kobolds
  2 quokkas
  9 bats
  5 frilled lizards
  7 rats
330 creatures vanquished.

Vanquished Creatures (others)
  A fungus (Lair:1)
  A plant (Lair:3)
2 creatures vanquished.

Grand Total: 332 creatures vanquished

Notes
Turn   | Place    | Note
-------+----------+-------------------------------------------
     0 | D:1      | CryoSword the Vampire Enchanter began the quest for the
                  | Orb.
     0 | D:1      | Reached XP level 1. HP: 13/13 MP: 3/3
   331 | D:1      | Reached XP level 2. HP: 20/20 MP: 3/5
   355 | D:1      | Learned a level 2 spell: Ensorcelled Hibernation
   511 | D:1      | Reached skill level 5 in Hexes
  1151 | D:2      | Reached XP level 3. HP: 25/25 MP: 6/6
  1171 | D:2      | Learned a level 3 spell: Confusing Touch
  1256 | D:2      | Reached skill level 1 in Fighting
  1597 | D:2      | Noticed a scorpion
  1618 | D:2      | Killed a scorpion
  1618 | D:2      | Reached XP level 4. HP: 12/32 MP: 7/8
  2180 | D:2      | Reached XP level 5. HP: 37/37 MP: 9/9
  2409 | D:3      | Noticed Natasha
  2470 | D:3      | Killed Natasha
  2723 | D:3      | Noticed Natasha
  2732 | D:3      | Killed Natasha
  2732 | D:3      | Reached skill level 5 in Stealth
  2745 | D:3      | Noticed Natasha
  2759 | D:3      | HP: 1/30 [Natasha/magic dart (10)]
  2772 | D:2      | Killed Natasha
  3582 | D:3      | Reached skill level 1 in Ice Magic
  3850 | D:4      | Reached XP level 6. HP: 35/35 MP: 10/10
  3930 | D:4      | Noticed Duvessa
  3931 | D:4      | Noticed Dowan
  3944 | D:4      | Killed Duvessa
  3948 | D:4      | Killed Dowan
  4233 | D:4      | Found a staircase to the Ecumenical Temple,
  4243 | Temple   | Entered the Ecumenical Temple
  4363 | Temple   | Became a worshipper of Dithmenos the Shadowed
  4403 | D:4      | Reached XP level 7. HP: 40/40 MP: 11/11
  4625 | D:4      | Noticed Edmund
  4641 | D:4      | Killed Edmund
  4833 | D:4      | Noticed Grinder
  4839 | D:4      | Paralysed by Grinder for 2 turns
  4849 | D:4      | Killed Grinder
  5042 | D:4      | Found Eckysuz's Book Shoppe,
  5440 | D:5      | Entered Level 5 of the Dungeon
  5444 | D:5      | Found a blossoming altar of Fedhas,
  5739 | D:5      | Learned a level 3 spell: Tukima's Dance
  5758 | D:5      | Reached XP level 8. HP: 40/46 MP: 12/12
  5802 | D:5      | Found Qayfag's Assorted Antiques,
  5807 | D:5      | Bought a pair of glowing boots for 142 gold pieces
  5807 | D:5      | Bought a scroll of identify for 38 gold pieces
  5911 | D:5      | Reached skill level 5 in Short Blades
  5915 | D:5      | Found a stormy altar of Qazlal,
  6023 | D:5      | Bought a lumpy inky potion for 17 gold pieces
  6503 | D:5      | Found a burning altar of Makhleb,
  6505 | D:5      | Found a glowing silver altar of Zin,
  6505 | D:5      | Noticed an angel
  6506 | D:5      | Noticed a blizzard demon
  6541 | D:5      | Found a hide-covered altar of Uskayaw,
  7146 | D:6      | Noticed Prince Ribbit
  7192 | D:6      | Killed Prince Ribbit
  7192 | D:6      | Reached skill level 5 in Dodging
  7270 | D:6      | Reached XP level 9. HP: 52/52 MP: 14/14
  7311 | D:6      | Reached * piety under Dithmenos
  8209 | D:7      | Reached skill level 5 in Fighting
  9132 | D:8      | Noticed a two-headed ogre
  9177 | D:8      | Identified the +2 leather armour "Uchoah" {Str+2 Stlth+}
  9406 | D:8      | Reached ** piety under Dithmenos
  9562 | D:8      | Noticed Psyche
  9656 | D:8      | Found a glowing golden altar of the Shining One,
  9722 | D:8      | Reached XP level 10. HP: 50/61 MP: 15/15
  9729 | D:8      | Killed a two-headed ogre
  9846 | D:5      | Bought a pair of runed gloves for 142 gold pieces
  9903 | D:8      | Noticed a gargoyle
 10250 | D:8      | Killed a gargoyle
 10273 | D:8      | Killed Psyche
 10497 | D:9      | Got a glittering turquoise ring
 11230 | D:10     | Entered Level 10 of the Dungeon
 11257 | D:10     | Noticed Maurice
 11264 | D:10     | Killed Maurice
 11264 | D:10     | Reached skill level 1 in Armour
 11270 | D:10     | Reached skill level 10 in Stealth
 11423 | D:10     | Reached *** piety under Dithmenos
 11516 | D:10     | Reached skill level 1 in Invocations
 11540 | D:10     | Reached skill level 10 in Short Blades
 11630 | D:10     | Identified the ring of the Bouncing Stories {rC+ Int+4
                  | Stlth+} (You found it on level 9 of the Dungeon)
 11647 | D:10     | You fall into a shaft and drop 1 floor!
 11651 | D:11     | Noticed a manticore
 11653 | D:11     | Noticed a cyclops
 11674 | D:11     | Noticed a cyclops
 11843 | D:10     | Noticed Maggie
 11850 | D:10     | Killed Maggie
 11980 | D:10     | Found a staircase to the Lair,
 11997 | D:10     | Noticed Snorg
 12002 | D:10     | Killed Snorg
 12002 | D:10     | Reached XP level 11. HP: 68/68 MP: 17/17
 12184 | Lair:1   | Entered Level 1 of the Lair of Beasts
 12394 | Lair:1   | Found a frozen archway,
 12520 | IceCv    | Entered an ice cave
 13238 | IceCv    | Noticed an ice dragon
 13240 | IceCv    | Noticed an ice dragon
 13243 | IceCv    | Killed an ice dragon
 13253 | IceCv    | Killed an ice dragon
 13279 | IceCv    | Got a slimy platinum amulet
 13283 | IceCv    | Got a transparent silver amulet
 13474 | Lair:1   | Reached **** piety under Dithmenos
 13483 | Lair:1   | Identified the amulet of Wishful Thinking {+Rage MP+9} (You
                  | found it in an ice cave)
 13568 | Lair:1   | Noticed Joseph
 13576 | Lair:1   | Killed Joseph
 13692 | Lair:1   | Reached skill level 5 in Spellcasting
 13979 | Lair:1   | Reached XP level 12. HP: 75/75 MP: 19/19
 14655 | Lair:2   | Noticed a six-headed hydra
 14713 | Lair:2   | Noticed a queen ant
 14716 | Lair:2   | Killed a queen ant
 14927 | Lair:2   | Noticed Sonja
 14943 | Lair:2   | Killed Sonja
 15813 | Lair:3   | Reached ***** piety under Dithmenos
 15954 | Lair:3   | You fall into a shaft and drop 1 floor!
 15993 | Lair:4   | Found a staircase to the Swamp,
 16725 | Lair:4   | Noticed a seven-headed hydra
 16733 | Lair:4   | Demolished by a seven-headed hydra

Levels and vault maps discovered:
D:1:      psy_arrival_radial01, layout_basic, fountainhead
D:2:      layout_loops_cross, minmay_pentomino_p4
D:3:      layout_basic, first_ration, mrwooster_statue_mirror,
          minmay_crystal_water, chequers_serial_rivers_small_b,
          chequers_mini_garden, uniq_natasha
D:4:      layout_basic, minmay_temple_entry_proselytizer, serial_shops,
          nicolae_shop_trees, uniq_grinder, uniq_edmund, uniq_duvessa
D:5:      layout_cave_pools, grunt_temple_overflow_order_and_chaos_2,
          overflow_temple_1_default, grunt_temple_overflow_forces_of_nature,
          serial_bayou, serial_bayou_ford_a, serial_bayou_shore_b,
          serial_bayou_lagoon_a, serial_bayou_lake_a, serial_shops, shop,
          hangedman_decor_lopped, kennysheep_nub
D:6:      layout_basic, uniq_prince_ribbit1
D:7:      layout_loops_ring
D:8:      layout_gridville, tso_oasis_becter, uniq_psyche
D:9:      layout_basic
D:10:     layout_loops_ring, lair_entry_dummy, uniq_snorg, uniq_maurice,
          uniq_maggie
D:11:     layout_loops_ring
Temple:   eino_temple_scatter_basement
Lair:1:   layout_cave_pods, portal_ice_cave_entry_imps, grunt_megastairs_3,
          uniq_joseph
Lair:2:   layout_big_grid, wad_woods_antlair, minmay_lair_oklob_chamber,
          serial_bayou_shore_b, lemuel_fruit_tree, uniq_sonja
Lair:3:   layout_layer_cave, spider_nest_entry_a
Lair:4:   layout_regular_city, skrybe_swamp_entry_bodies, serial_bayou_shore_a

Skill      XL: |  1  2  3  4  5  6  7  8  9 10 11 12 |
---------------+-------------------------------------+-----
Hexes          | 5 6 7 9 |  9.6
Fighting       | 1 2 3 4 6 7 8 9 |  9.9
Short Blades   | 2 3 4 6 8 10 11 12 | 12.3
Stealth        | 5 6 8 10 11 12 | 12.3
Ice Magic      | 1 2 3 |  3.4
Spellcasting   | 3 4 5 |  5.0
Dodging        | 3 4 5 6 7 |  7.7
Armour         | 1 3 4 |  4.2
Invocations    | 1 3 4 |  4.4

Action                   |  1- 3 |  4- 6 |  7- 9 | 10-12 || total
-------------------------+-------+-------+-------+-------++-------
Melee: Dagger            |    97 |    91 |   274 |   545 ||  1007
       Bite              |     5 |     7 |    26 |    55 ||    93
       Rapier            |       |       |     6 |       ||     6
Throw: Throwing net      |     2 |       |       |       ||     2
       Stone             |       |     2 |    10 |       ||    12
       Dart              |       |       |       |     5 ||     5
 Cast: Corona            |     8 |     2 |     8 |    11 ||    29
       Ensorcelled Hiber |    27 |    40 |    65 |   112 ||   244
       Confusing Touch   |     1 |     1 |    19 |    34 ||    55
 Abil: Exsanguinate      |       |     1 |       |       ||     1
       Bat Form          |       |       |       |     1 ||     1
  Use: Scroll            |       |       |    13 |     9 ||    22
 Stab: Sleeping          |    25 |    32 |    56 |   111 ||   224
       Confused          |     1 |     1 |    20 |    28 ||    50
       Distracted        |       |       |     2 |     1 ||     3
       Petrifying        |       |       |       |     3 ||     3
       Paralysed         |       |       |       |     8 ||     8
Armor: Robe              |    16 |    13 |    16 |    82 ||   127
       Ring mail         |       |       |    32 |    15 ||    47
Dodge: Dodged            |    73 |    44 |   106 |   234 ||   457

Table legend:
 A = Non-vault XP
 B = Vault XP
 C = Vault XP percentage of total XP
 D = Non-vault monster count
 E = Vault monster count
 F = Vault count percentage of total count
                 A         B        C        D         E       F
            +---------+---------+-------+---------+---------+-------
      Total |   21833 |   12586 |  36.6 |     268 |      62 |  18.8
            +---------+---------+-------+---------+---------+-------
        D:1 |      34 |       0 |   0.0 |      20 |       0 |   0.0
        D:2 |     198 |       3 |   1.5 |      28 |       2 |   6.7
        D:3 |     107 |      36 |  25.2 |      22 |       1 |   4.3
        D:4 |     260 |     701 |  72.9 |       6 |       5 |  45.5
        D:5 |     753 |       0 |   0.0 |      20 |       0 |   0.0
        D:6 |    1062 |     286 |  21.2 |      19 |       1 |   5.0
        D:7 |    1528 |       0 |   0.0 |      21 |       0 |   0.0
        D:8 |    2391 |     434 |  15.4 |      32 |       1 |   3.0
        D:9 |     831 |       0 |   0.0 |      12 |       0 |   0.0
       D:10 |     854 |    2034 |  70.4 |      19 |       3 |  13.6
       D:11 |      13 |       0 |   0.0 |       1 |       0 |   0.0
     Lair:1 |    5914 |     571 |   8.8 |      30 |      13 |  30.2
     Lair:2 |    2646 |    2912 |  52.4 |      12 |      15 |  55.6
     Lair:3 |    1843 |       0 |   0.0 |       9 |       0 |   0.0
     Lair:4 |    3399 |     262 |   7.2 |      17 |       1 |   5.6
      IceCv |       0 |    5347 | 100.0 |       0 |      20 | 100.0
            +---------+---------+-------+---------+---------+-------
